Map: Solaris LE

Players

Subwayeatn - Winner!

  • Race: Zerg Zerg
  • League: Platinum
  • Spawn Location: 7:00

GALLETA

  • Race: Protoss Protoss
  • Spawn Location: 1:00

VOD

Have the link to the VOD?

Description

Time

  • Played on: Nov. 8, 2023, 1:48 p.m.
  • Length: 5:14
Show
View Real Time Build Order
Export as new Build Order

Subwayeatn Zerg - Winner!

Build Orders: Pool First 

Get SALT Encoding   

  12  0:00  Drone  
  13  0:09  Drone  
  13  0:13  Extractor  
  13  0:29  Spawning Pool  
  12  1:12  Hatchery  
  11  1:19  Queen  
  13  1:29  Overlord  
  13  1:38  Metabolic Boost  
  13  1:43  Zergling x2  
  14  1:50  Zergling x2  
  14  1:53  Zergling x2  
  16  1:58  Zergling x2  
  17  2:07  Zergling x2  
  18  2:19  Zergling x2  
  19  2:24  Drone  
  19  2:27  Zergling x2  
  21  2:40  Spine Crawler  
  19  2:50  Zergling x4  
  23  2:54  Zergling x2  
  23  2:57  Zergling x2  
  15  3:55  Zergling x2  
  14  3:56  Zergling x4  
  16  4:10  Zergling x2  
  17  4:18  Hatchery  
  17  4:21  Zergling x2  
  17  4:39  Drone x3  
  20  4:47  Drone  
  21  4:54  Overlord  
  21  4:56  Zergling x2  
Show
View Real Time Build Order
Export as new Build Order

GALLETA Protoss 

Build Orders:  

Get SALT Encoding   

  12  0:00  Probe (Chrono Boost)  
  13  0:12  Probe (Chrono Boost)  
  14  0:18  Pylon  
  14  0:19  Probe  
  15  0:36  Probe  
  15  0:37  Gateway  
  16  0:48  Probe  
  16  0:49  Assimilator  
  17  1:00  Probe  
  17  1:04  Pylon  
  18  1:12  Probe  
  19  1:24  Probe  
  19  1:25  Cybernetics Core  
  20  1:28  Pylon  
  20  1:31  Zealot  
  22  1:41  Probe  
  22  1:42  Forge  
  23  1:53  Probe  
  24  2:05  Probe  
  24  2:07  Shield Battery  
  24  2:08  Zealot  
  27  2:11  Shield Battery  
  27  2:18  Probe  
  27  2:19  Photon Cannon  
  28  2:29  Pylon  
  28  2:30  Probe  
  29  2:40  Adept  
  31  2:51  Probe  
  32  2:58  Photon Cannon  
  32  3:03  Probe  
  33  3:15  Probe  
  32  3:27  Probe  
  5  4:02  Pylon  
  5  4:03  Probe (Chrono Boost)  
  6  4:13  Probe (Chrono Boost)  
  7  4:18  Probe (Chrono Boost)  
  8  4:29  Probe  
  9  4:42  Pylon  
  9  4:44  Pylon  
  9  4:51  Probe (Chrono Boost)  
  10  5:03  Probe (Chrono Boost)  
Tags
 
League
Platinum
Matchup
PvZ
Opening
Pool First
Replay Pack
Multiplayer
Spawn Locations
Cross Positions
Add a new tag
Caveats
  • Supply blocks, unpowered buildings, or Contaminate may cause inaccurate times.
  • Supply counts are checked every 10 seconds.